groovejumper, neutral female human Wizard ----- ------------- |...%## --------- |.....-.....| |...| # |.......| |.....|.....| |...|#################........| |<....-.....| |...| # |.......|# +.....|<....| ---.- ###########*##.........# |...{.|.....| # ---------# #.)....|..{..| ### ############## ###|.....|.....| # # # # ------------- #####@ ### # ### ------------g--- # # # |.)..)..[)[)..)|### # # |.).)[.)[.[.[./-/ # # |))).[))[..)...| #### # ....)[..[[[[...| #-----# ---------------- #|(..|# #..>..# ----- groovejumper the Magician Experience level: 10 Strength: 25 Dexterity: 13 Constitution: 14 Intelligence: 20 Wisdom: 16 Charisma: 9 Health: 0(57) Energy: 8(114) AC: 6 Gold: 124 Moves: 10003 Your Inventory: Coins $ - 124 gold pieces Weapons a - a blessed +1 quarterstaff (weapon in hands) Armor t - an uncursed +0 cloak of magic resistance (being worn) L - an [uncursed] very rotted [+0] pair of old gloves [gauntlets of dexterity] M - a [cursed +0] hooded cloak [of hunger (dwarvish)] Q - a [blessed] +2 pair of elven boots of power and brilliance (being worn) Potions C - an [uncursed] silver potion [of sickness] K - an [uncursed] smoky potion [of extra healing] Rings d - an uncursed ring of slow digestion (on right hand) e - a blessed +1 ring of gain dexterity (on left hand) Wands J - an [uncursed] wand of striking [0:5] Tools b - an [uncursed] sack k - an [uncursed] key [skeleton key] B - an uncursed blindfold Contents of the sack: 1661 gold pieces a [cursed] square amulet [of strangulation] an [uncursed] avacado an [uncursed] candy bar an [uncursed] cram ration 12 [uncursed] food rations an [uncursed] lizard corpse an [uncursed] tin [of giant beetle meat] 6 [uncursed] tripe rations a [blessed] scroll called earth [of earth] an [uncursed] scroll called earth [of earth] a [cursed] scroll called earth [of earth] a [cursed] scroll labeled HACKEM MUCHE [of genocide] 2 uncursed scrolls of confuse monster an uncursed scroll of create monster a blessed scroll of food detection an uncursed scroll of light a [cursed] scroll of light 5 [uncursed] unlabeled scrolls [of blank paper] 2 [cursed] unlabeled scrolls [of blank paper] a [blessed] unlabeled scroll [of blank paper] a [cursed] muddy potion [of object detection] a blessed potion of levitation a blessed potion of see invisible 4 uncursed potions of water a [cursed] white potion [of paralysis] an [uncursed] granite ring [of sustain ability] an [uncursed] plain ring [of cold resistance] an [uncursed] quartz ring [of warning] an [uncursed +1] ruby ring [of protection] an [uncursed] shiny ring [of teleport control] an [uncursed +1] silver ring [of gain intelligence] a [cursed -2] steel ring [of gain constitution] an [uncursed] wire ring [of free action] an [uncursed] bent wand [of teleportation (0:6)] an [uncursed] mahogany wand [of secret door detection (0:14)] an [uncursed] mahogany wand [of secret door detection (0:15)] an [uncursed] wand of create monster [0:14] an [uncursed] wand of create monster [0:12] an uncursed wand of digging (0:5) an uncursed wand of light (0:13) an [uncursed] wand of light [0:14] an uncursed wand of make invisible (0:7) an uncursed wand of polymorph (0:4) an [uncursed] wand of polymorph [0:8] an [uncursed] lock pick an [uncursed] lock pick an [uncursed] tin whistle Spells known in the end: Name Level Category Fail Memory a - force bolt 1 attack 0% [||||....] b - create monster 2 clerical 0% [||||....] c - teleport away 6 escape 100% [|||||...] d - cause fear 3 enchantment 0% [|||||...] Your skills at the end: Fighting Skills Weapon Skills quarterstaff [Basic / Expert] Spellcasting Skills attack spells [Expert / Expert] enchantment spells [Basic / Skilled] Final Attributes: You were piously aligned. Hunger level was 828. Your alignment was 59 / 60. Monster difficulty range was 1 - 9. Level difficulty was 8. You resisted poison. You were magic-protected. You were stealthy. You had slower digestion. Your luck was zero. You are dead. Vanquished creatures: 6 disenchanters 2 giant mimics a wumpus a warg 2 small mimics a gargoyle 2 tengu a leocrotta a python a wraith a leather golem 3 wolves a gremlin 2 iron piercers a mumak a horse an orc mummy 2 dwarf mummies 8 brown puddings 10 rust monsters an owlbear a yeti 2 gold golems 3 lizards a dog 2 housecats a jaguar a dwarf lord 3 blue jellies a dust vortex a raven 3 water moccasins 6 human zombies a Woodland-elf a soldier ant 3 fire ants 3 snow ants an imp 2 water nymphs a mountain nymph 4 Mordor orcs 2 orc shamans 3 rock piercers 4 enormous rats a pony a fog cloud a yellow light 2 shriekers a gnome lord a kobold mummy a red naga hatchling 2 gray oozes an elf zombie 3 paper golems 2 baby crocodiles 6 giant ants a little dog 2 floating eyes 2 dwarves 2 homunculi a kobold lord 3 kobold shamans 4 hill orcs 4 rothes a rabid rat 3 centipedes a monkey 2 dwarf zombies a wererat a werejackal 2 iguanas a killer bee 2 acid blobs a hobbit 11 manes a large kobold 4 giant rats 3 cave spiders a brown mold a yellow mold 2 green molds 2 red molds 5 gnomes 19 Keystone Kops a garter snake 2 geckos 6 jackals 2 foxes a kobold 5 goblins 4 sewer rats 7 grid bugs 6 bats 7 lichens 8 kobold zombies 5 newts 258 creatures vanquished. Voluntary challenges: You were an atheist. You used a wielded weapon 202 times. You read items or engraved 132 times. You put on armor 3 times. You never genocided any monsters. You never polymorphed an object. You never changed form. You used no wishes. You wrote Elbereth's name 86 times. You never encountered a bones level. You used 1 Sokoban shortcut. Dungeon overview: The Dungeons of Doom: levels 1 to 8 Level 1 some fountains a long staircase Level 2 a general store a long staircase Level 3 a tool shop Level 4 some fountains Level 6 many fountains Level 7 stairs to Sokoban Level 8 <- You were here some fountains stairs to Town Sokoban: levels 4 to 6 Level 6 a magic chest stairs to The Dungeons of Doom Town: Level 7 stairs to The Dungeons of Doom History has recorded: On T:1 you entered the Dungeons of Doom to retrieve the Amulet of Yendor! On T:262 you advanced to experience level 2. On T:361 you reached level 2 of The Dungeons of Doom. On T:583 you advanced to experience level 3. On T:653 you advanced to experience level 4. On T:773 you advanced to experience level 5. On T:884 you reached level 3 of The Dungeons of Doom. On T:994 you advanced to experience level 6. On T:1180 you reached level 4 of The Dungeons of Doom. On T:1570 you reached level 5 of The Dungeons of Doom. On T:1777 you advanced to experience level 7. On T:2676 you advanced to experience level 8. On T:2870 you reached level 6 of The Dungeons of Doom. On T:3249 you reached level 7 of The Dungeons of Doom. On T:3651 you reached level 8 of The Dungeons of Doom. On T:3683 you reached level 3 of Sokoban. On T:5067 you advanced to experience level 9. On T:5167 you reached level 2 of Sokoban. On T:6240 you reached level 1 of Sokoban. On T:8061 you reached level 3 of Town. On T:8218 you advanced to experience level 10. Latest messages: Something is written here in the dust. You read: "E|bc c?". You kill the gremlin! Something is written here in the dust. You read: "E |c?c E |c rE |cre?n". [HP+1=32] You miss the gremlin. The gremlin hits! (2x) The gremlin bites! The gremlin hits! [HP-9=23] You miss the gremlin. The gremlin hits! (2x) The gremlin bites! The gremlin hits! [HP-12=11] You write "Elbereth" with your fingers into the dust. The gremlin hits! (2x) The gremlin bites! The gremlin hits! [HP-7=4] You add "Elbereth" with your fingers to the writing in the dust. The gremlin hits! You die... Final status: Goodbye groovejumper the Wizard... You died in The Dungeons of Doom on dungeon level 8 with 13301 points, and 1785 pieces of gold, after 10003 moves. You were level 10 with a maximum of 57 hit points when you died.